 Dungeon Crawl Stone Soup version 0.31-a0-746-ge8284cb111 (webtiles) character file.

Game seed: 18021897871378107095

30 CrazyBamboolord the Changeling (level 3, 0/26 HPs)
             Began as a Demonspawn Shapeshifter on Sept 14, 2023.
             Succumbed to a kobold's poison
             ... on level 1 of the Dungeon.
             The game lasted 00:01:02 (448 turns).

CrazyBamboolord the Changeling (DsSh)                Turns: 448, Time: 00:01:02

Health: 0/26       AC:  2    Str: 16    XL:     3   Next: 3%
Magic:  3/3        EV: 12    Int: 11    God:
Gold:   23         SH:  0    Dex: 12    Spells: 2/2 levels left

rFire   . .          .
                       - Unarmed
rCold   . . .        (no shield)
rNeg    . . .        a - +0 animal skin
rPois   .            (helmet currently unavailable)
rElec   .            (cloak currently unavailable)
rCorr   .            (gloves currently unavailable)
SInv    .            (boots currently unavailable)
Will    .....        (no amulet)
Stlth   +            (no ring)
HPRegen 0.24/turn    (no ring)
MPRegen 0.08/turn

%: no passive effects
@: lethally poisoned (0 -> -24), beast-form
A: beast (slay +2), demonic magic 1
a: Begin Untransformation


You were on level 1 of the Dungeon.
You were a hulking beast.
You visited 1 branch of the dungeon, and saw 1 of its levels.

You collected 23 gold pieces.

Inventory:

Armour
 a - a +0 animal skin (worn)
Jewellery
 i - a ring of see invisible
Talismans
 c - a beast talisman (active)
 d - a flux talisman
Scrolls
 e - a scroll of identify {unknown}
 f - 2 scrolls of fog {unknown}
 h - a scroll of enchant weapon {unknown}
 j - a scroll of noise {unknown}
Potions
 b - a potion of lignification
 g - 2 potions of curing {unknown}


   Skills:
 - Level 1.0 Fighting
 - Level 1.7 Dodging
 - Level 2.6 Unarmed Combat
 + Level 3.6 Shapeshifting


You had 2 spell levels left.
You didn't know any spells.
Your spell library was empty.

Dungeon Overview and Level Annotations

Branches:
Dungeon (1/15)

Altars:


Innate Abilities, Weirdness & Mutations

You are a hulking beast.
Your limbs bulge with bestial killing power. (Slay +2)
Spells you cast may paralyse adjacent enemies.


Message History

You kill the goblin!
No target in view!
No target in view!
No target in view!
A kobold comes into view. It is wielding a +0 dagger of venom.
Things that are here:
a +0 dagger; a goblin corpse A kobold is nearby!
A kobold is nearby!
Found an orange potion.
The kobold shouts!
A quokka comes into view.
A hobgoblin comes into view.
The kobold throws a stone.
The stone hits you but does no damage.
There is a fountain of clear blue water here.
The hobgoblin shouts!
A quokka comes into view.
You hit the kobold but do no damage.
The kobold hits you with a +0 dagger of venom.
You are poisoned.
You hit the kobold but do no damage.
You feel very sick. The kobold hits you but does no damage.
You are more poisoned.
You hit the kobold but do no damage.
You feel very sick.
The quokka bites you but does no damage.
The kobold hits you with a +0 dagger of venom.
You are lethally poisoned!
You barely miss the kobold.
You feel very sick. The quokka barely misses you.
You are too injured to fight recklessly!
You are too injured to fight recklessly!
You are too injured to fight recklessly!
Unknown command.
You feel very sick.
The kobold hits you with a +0 dagger of venom.
* * * LOW HITPOINT WARNING * * *
You are more poisoned.
You die...

........# #.....
.##.##..# #.# ##....
.##.###.# #.# #.##.
.##.# #.# #.# #.##.
.#..# #.# #.# #.##.
...## #.# #.# # #.#..
....# #.# #.#.# #.#.#
.....##.########.#.###..
....
...#..#.........h.......
...#
...##...#####.#..#g###..
###.
...####......).⌠rKr.....
.. ...#
#.(.....#......... ##
...# ######.........!..
.... ..........###.
#####........ #......###
#......#


You could see a quokka, a hobgoblin and a kobold.

Vanquished Creatures
  A dart slug (D:1)
  A bat (D:1)
  2 endoplasms (D:1)
  A giant cockroach (D:1)
  5 hobgoblins (D:1)
  4 jackals (D:1)
  2 quokkas (D:1)
  2 ball pythons (D:1)
  A frilled lizard (D:1)
  2 goblins (D:1)
  A kobold (D:1)
  A rat (D:1)
23 creatures vanquished.

Notes
Turn   | Place    | Note
-------+----------+-------------------------------------------
     0 | D:1      | CrazyBamboolord the Demonspawn Shapeshifter began the quest
                  | for the Orb.
     0 | D:1      | Reached XP level 1. HP: 15/15 MP: 1/1
    60 | D:1      | Reached skill level 3 in Shapeshifting
   127 | D:1      | Gained mutation: Spells you cast may paralyse adjacent
                  | enemies. [demonic ancestry]
   127 | D:1      | Reached XP level 2. HP: 14/21 MP: 2/2
   436 | D:1      | Reached XP level 3. HP: 26/26 MP: 3/3
   448 | D:1      | Succumbed to a kobold's poison

Illustrated notes

Levels and vault maps discovered:
D:1:      orjb1_lava_funnel, layout_rooms, hangedman_feature_mirror

Skill      XL: |  1 |
---------------+----+-----
Shapeshifting  | 3 |  3.6
Fighting       | |  1.0
Dodging        | |  1.7
Unarmed Combat | |  2.6

Action                     || total
---------------------------++-------
  Melee: Unarmed           ||    81
         Punch             ||     3
 Armour: Animal skin       ||    46
  Dodge: Dodged            ||    56

Table legend: (Time is in decaauts)
 A = Elapsed time spent in this place.
 B = Non-inter-level travel time spent in this place.
 C = Inter-level travel time spent in this place.
 D = Time resting spent in this place.
 E = Time spent auto-exploring this place.
 F = Levels seen in this place.
 G = Mean time per level.
                   A        B        C        D        E       F      G
               +--------+--------+--------+--------+--------+-----+--------+
         Total |    443 |    443 |      0 |      0 |    283 |   1 |  443.0 |
       Dungeon |    443 |    443 |      0 |      0 |    283 |   1 |  443.0 |
               +--------+--------+--------+--------+--------+-----+--------+

Top non-repeatable levels by time:
     D:1: 443 daAuts
